 Dungeon Crawl Stone Soup version 0.30-a0-755-g0b50240ab4 (webtiles) character file.

Game seed: 11903624772962549442

420 KleinerIrrer the Magician (level 7, -10/51 HPs)
             Began as a Djinni Conjurer on Feb 9, 2023.
             Killed from afar by Ijyb (12 damage)
             ... with a bolt of acid
             ... on level 3 of the Dungeon.
             The game lasted 00:07:07 (2515 turns).

KleinerIrrer the Magician (Djinni Conjurer)         Turns: 2515, Time: 00:07:08

Health: -10/51     AC:  1    Str:  6    XL:     7   Next: 16%
Gold:   228        EV: 11    Int: 21    God:
                   SH:  0    Dex: 12

rFire   + + .      SeeInvis .    (no weapon)
rCold   x . .      Faith    .    (no shield)
rNeg    . . .      Spirit   .    e - +0 troll leather armour
rPois   ∞          Reflect  .    g - +0 helmet
rElec   .          Harm     .    (no cloak)
rCorr   .          Rampage  .    (no gloves)
Will    .....                    (boots unavailable)
Stlth   +                        (no amulet)
HPRegen 1.08/turn                (no ring)
MPRegen 0.00/turn                (no ring)

@: mighty, corroded, flying
A: sickness immunity, fire resistance 2, cold vulnerability 1, float, innate
caster, HP casting, extra vitality 1
a: no special abilities


You were on level 3 of the Dungeon.
You visited 1 branch of the dungeon, and saw 3 of its levels.
You also visited: Sewer.

You collected 228 gold pieces.

Inventory:

Hand Weapons
 r - a +0 dagger of venom
Armour
 e - a +0 troll leather armour (worn)
 g - a +0 helmet (worn)
Scrolls
 d - a scroll of enchant armour {unknown}
 f - 2 scrolls of fog {unknown}
 i - a scroll of teleportation
 j - a scroll of butterflies {unknown}
 k - a scroll of enchant weapon
 l - a scroll of acquirement {unknown}
 m - a scroll of noise {unknown}
 o - 2 scrolls of magic mapping
 p - a scroll of immolation {unknown}
Potions
 a - a potion of mutation
 b - a potion of magic
 c - a potion of flight
 h - a potion of brilliance
 s - a potion of ambrosia {unknown}


   Skills:
 + Level 3.6 Fighting
 - Level 2.1 Dodging
 - Level 1.5 Stealth
 * Level 5.4 Spellcasting


You couldn't memorise any spells.
You knew the following spells:

 Your Spells              Type           Power      Damage    Failure   Level
a - Magic Dart            Conj           100%       1d8       1%          1
b - Searing Ray           Conj           56%        2d6       2%          2
c - Dazzling Flash        Conj/Hex       56%        N/A       4%          3
d - Fulminant Prism       Conj/Hex       14%        3d8       17%         4
e - Iskenderun's Mystic   Conj/Tloc      28%        2d7       17%         4
f - Shock                 Conj/Air       100%       1d9       1%          1
g - Ensorcelled Hibernat  Hex/Ice        56%        N/A       2%          2
h - Stone Arrow           Conj/Erth      56%        3d10      4%          3
Your spell library was empty.

Dungeon Overview and Level Annotations

Branches:
Dungeon (3/15)              Sewer (visited)

Altars:
Okawaru

Annotations:
D:3 Ijyb


Innate Abilities, Weirdness & Mutations

You are immune to sickness and miasma.
You are immune to poison.
Your flesh is very heat resistant. (rF++)
You are vulnerable to cold. (rC-)
You float through the air rather than walking.
You learn spells naturally, not from books.
Your magical power is your life essence.
You have superior vitality. (+4 MHP)


Message History

You don't have enough health to cast this spell.
Okay, then.
Okay, then.
Casting: Stone Arrow (dangerous; 4% risk of failure)
Confirm with . or Enter, or press ? or * to list all spells.
You don't have enough health to cast this spell.
Unknown command.
It was a potion of curing.
You feel better. Ijyb completely misses you.
You are too injured to fight recklessly!
Casting: Stone Arrow (dangerous; 4% risk of failure)
Confirm with . or Enter, or press ? or * to list all spells.
Aiming: Magic Dart (safe; 1% risk of failure)
Press: ? - help, Shift-Dir - straight line The magic dart hits Ijyb but does no damage.
Ijyb is almost dead.
* * * LOW HITPOINT WARNING * * *
Ijyb hits you with a +0 club.
* * * LOW HITPOINT WARNING * * *
Casting: Magic Dart (safe; 1% risk of failure)
Confirm with . or Enter, or press ? or * to list all spells.
Aiming: Magic Dart (safe; 1% risk of failure)
Press: ? - help, Shift-Dir - straight line The magic dart hits Ijyb but does no damage.
Ijyb is almost dead.
* * * LOW HITPOINT WARNING * * *
Ijyb barely misses you.
Casting: Magic Dart (safe; 1% risk of failure)
Confirm with . or Enter, or press ? or * to list all spells.
Aiming: Shock (safe; 1% risk of failure)
Press: ? - help, Shift-Dir - straight line, f - Ijyb
Aim: Ijyb, wielding a +0 club, wearing a +0 scale mail and carrying a wand of acid (6) (almost dead, 71% to hit)
The zap hits Ijyb.
Ijyb is almost dead.
* * * LOW HITPOINT WARNING * * *
Ijyb hits you with a +0 club.
* * * LOW HITPOINT WARNING * * *
It was a potion of might.
You feel very mighty all of a sudden.
Ijyb zaps a wand.
The bolt of acid hits you!
You die...

..........##########.#
#(# #. #..########
#.......# #.# #. ...#
#.#############.###.
...#
*,#.................
...#
*,#.###########.###.
.#.# *,#.# #.# #. .#.#
*,#.#*********#.# #.
##.# *,#.#,,,,,,,,,#.#
#. ...#
*,#@#,*******,#.# ##
#### *,#.g.# *,#.#
*,#####******,#.#
*,,,,,,,,,,,,,#.#
########*******#.#
#......# #.#
#############.####.#
#.#
.................#.#
#.#
#############.#..#.#
#.#


You could see Ijyb.

Vanquished Creatures
  2 bullfrogs (Sewer)
  3 gnolls (D:3)
  15 adders
  3 river rats (Sewer)
  A dart slug (D:2)
  A worm (D:2)
  3 orcs (D:3)
  6 bats
  4 endoplasms
  5 giant cockroaches
  7 goblins
  4 hobgoblins
  8 quokkas
  13 ball pythons
  3 frilled lizards
  2 kobolds
  32 rats
112 creatures vanquished.

Notes
Turn   | Place    | Note
-------+----------+-------------------------------------------
     0 | D:1      | KleinerIrrer the Djinni Conjurer began the quest for the
                  | Orb.
     0 | D:1      | KleinerIrrer set off with the following spells memorised:
                  | Magic Dart, Searing Ray, Dazzling Flash, Fulminant Prism,
                  | Iskenderun's Mystic Blast.
     0 | D:1      | Reached XP level 1. HP: 15/15 MP: 0/0
   380 | D:1      | Reached XP level 2. HP: 22/22 MP: 0/0
   441 | D:1      | Reached skill level 1 in Fighting
   953 | D:2      | Reached XP level 3. HP: 27/27 MP: 0/0
   953 | D:2      | Learned a level 1 spell: Shock
  1000 | D:2      | Found an iron altar of Okawaru.
  1188 | D:2      | Reached XP level 4. HP: 32/32 MP: 0/0
  1342 | D:2      | Reached skill level 4 in Spellcasting
  1480 | D:3      | Found a glowing drain.
  1499 | Sewer    | Entered a sewer
  1581 | Sewer    | Reached XP level 5. HP: 38/38 MP: 0/0
  1581 | Sewer    | Learned a level 2 spell: Ensorcelled Hibernation
  1691 | Sewer    | Reached XP level 6. HP: 45/45 MP: 0/0
  1753 | Sewer    | Reached skill level 5 in Spellcasting
  1911 | D:3      | Reached XP level 7. HP: 50/50 MP: 0/0
  1911 | D:3      | Learned a level 3 spell: Stone Arrow
  2497 | D:3      | Noticed Ijyb
  2510 | D:3      | HP: 1/51 [Ijyb/+0 club (4)]
  2515 | D:3      | Killed from afar by Ijyb

Illustrated notes

Levels and vault maps discovered:
D:1:      dpeg_arrival_houses_and_road, layout_basic
D:2:      layout_basic, basic_altar, eino_tiny_chamber
D:3:      layout_basic, portal_sewer_entry_f, uniq_ijyb

Skill      XL: |  1  2  3  4  5  6 |
---------------+-------------------+-----
Fighting       | 1 2 3 |  3.6
Spellcasting   | 4 5 |  5.4
Dodging        | |  2.1
Stealth        | |  1.5

Action                     |  1- 3 |  4- 6 |  7- 9 || total
---------------------------+-------+-------+-------++-------
   Cast: Magic Dart        |    62 |    73 |     5 ||   140
         Shock             |       |    70 |    40 ||   110
         Ensorcelled Hiber |       |       |     2 ||     2
         Stone Arrow       |       |       |     1 ||     1
    Use: Scroll            |       |     7 |       ||     7
         Potion            |       |     2 |     2 ||     4
 Armour: Troll leather arm |     5 |    38 |     2 ||    45
  Dodge: Dodged            |     5 |    59 |     8 ||    72

Table legend: (Time is in decaauts)
 A = Elapsed time spent in this place.
 B = Non-inter-level travel time spent in this place.
 C = Inter-level travel time spent in this place.
 D = Time resting spent in this place.
 E = Time spent auto-exploring this place.
 F = Levels seen in this place.
 G = Mean time per level.
                   A        B        C        D        E       F      G
               +--------+--------+--------+--------+--------+-----+--------+
         Total |   2514 |   2379 |    135 |      0 |   1875 |   4 |  628.5 |
       Dungeon |   2151 |   2016 |    135 |      0 |   1721 |   3 |  717.0 |
         Sewer |    362 |    362 |      0 |      0 |    154 |   1 |  362.0 |
               +--------+--------+--------+--------+--------+-----+--------+

Top non-repeatable levels by time:
     D:1: 944 daAuts
     D:3: 731 daAuts
     D:2: 475 daAuts
   Sewer: 362 daAuts
